 Dungeon Crawl Stone Soup version 0.27.1-34-g3ba077fa99 (webtiles) character file.

Game seed: 539332015584174287

224 zeram the Covert (level 6, -13/38 (39) HPs)
             Began as an Octopode Brigand on Jan 4, 2022.
             Mangled by a gnoll (18 damage)
             ... on level 2 of the Dungeon.
             The game lasted 00:06:48 (1980 turns).

zeram the Covert (Octopode Brigand)                 Turns: 1980, Time: 00:06:49

HP:   -13/38 (39)   AC:  1    Str: 11    XL:     6   Next: 0%
MP:   6/6           EV: 12    Int: 15    God:
Gold: 78            SH:  0    Dex: 13    Spells: 5/5 levels left

rFire    . . .     SeeInvis .   a - +3 dagger
rCold    . . .     Faith    .   (no shield)
rNeg     . . .     Spirit   .   (helmet restricted)
rPois    .         Reflect  .   (no amulet)
rElec    .         Harm     .   (no ring)
rCorr    .         Rampage  .   (no ring)
Will     .....                  (no ring)
Stlth    +++++.....             (no ring)
HPRegen  0.12/turn              (no ring)
MPRegen  0.10/turn              (no ring)
                                (no ring)
                                (no ring)

@: lightly drained
A: almost no armour, amphibious, 8 rings, camouflage 1, gelatinous body 1,
(nimble swimmer 1), tentacles
a: no special abilities


You were on level 2 of the Dungeon.
You visited 1 branch of the dungeon, and saw 2 of its levels.

You collected 78 gold pieces.

Inventory:

Hand Weapons
 a - a +3 dagger (weapon)
Missiles
 b - 8 poisoned darts (quivered)
 c - 2 curare-tipped darts
Scrolls
 f - a scroll of blinking
 g - a scroll of fog
Potions
 d - 2 potions of degeneration


   Skills:
 - Level 2.1 Fighting
 - Level 2.1 Short Blades
 - Level 2.0 Throwing
 - Level 1.0 Dodging
 + Level 9.6 Stealth


You had 5 spell levels left.
You didn't know any spells.
Your spell library was empty.

Dungeon Overview and Level Annotations

Branches:
Dungeon (2/15)

Altars:

Portals:
Abyss: D:1***


Innate Abilities, Weirdness & Mutations

You cannot wear most types of armour.
You are amphibious.
You can wear up to eight rings at the same time.
Your skin changes colour to match your surroundings (Stealth+).
Your rubbery body absorbs attacks. (AC +1, EV +1)
((You are camouflaged near water. (Stealth+)))
You have tentacles for arms and can constrict up to eight enemies at once.


Message History

A gnoll is nearby!
A gnoll is nearby!
A gnoll is nearby!
You are too injured to fight recklessly!
Unknown command.
HP restored.
Things that are here:
a +0 flail; a gnoll skeleton
Found 4 gold pieces.
Found a buckler.
You now have 78 gold pieces (gained 4).
You see here a +0 buckler.
Found a scroll labelled BOGGAIKIEL.
f - a scroll labelled BOGGAIKIEL You see here an adder skeleton.
Things that are here:
a +0 flail; a gnoll skeleton You open the door.
There is an open door here.
A frilled lizard comes into view.
A frilled lizard is nearby!
As you read the scroll of identify, it crumbles to dust.
f - a scroll of blinking
Okay, then.
A frilled lizard is nearby!
A frilled lizard is nearby!
The gnoll shouts!
The gnoll hits you with a +4 vampiric halberd!
You hit the gnoll. You grab the gnoll.
The gnoll is lightly wounded.
You constrict the gnoll, but do no damage.
The gnoll hits you with a +4 vampiric halberd!!
* * * LOW HITPOINT WARNING * * *
The gnoll draws strength from your wounds!
You hit the gnoll.
You squeeze the gnoll, but do no damage.
The gnoll is moderately wounded.
You constrict the gnoll.
The gnoll hits you with a +4 vampiric halberd!!
You die...

.#.#.#.#......####.#........# #..
.#.#.#.#......####.#.......<# #..
.#.#...+...........#........# #..
##.#.#.#...........#........# #..
+......#....................# #..
##....##....................###..
##...................####........
# ...................# ####.....
# ....#....g@....# #.)..< #
....#...####.......# #..... ..
#### #.......# #...). ........#
#..... .......### #####+
.l......# .........# .........#


You could see a gnoll.

Vanquished Creatures
  Sigmund (D:2)
  2 gnolls (D:2)
  3 adders (D:2)
  A dart slug (D:1)
  2 bats
  4 endoplasms
  3 giant cockroaches (D:1)
  3 goblins
  2 hobgoblins
  3 jackals (D:2)
  2 ball pythons
  3 frilled lizards (D:2)
  2 rats
31 creatures vanquished.

Notes
Turn   | Place    | Note
-------+----------+-------------------------------------------
     0 | D:1      | zeram the Octopode Brigand began the quest for the Orb.
     0 | D:1      | Reached XP level 1. HP: 14/14 MP: 1/1
   302 | D:1      | Reached XP level 2. HP: 19/19 MP: 2/2
   436 | D:1      | Reached skill level 6 in Stealth
   891 | D:2      | Reached XP level 3. HP: 24/24 MP: 3/3
   911 | D:2      | Reached skill level 7 in Stealth
  1089 | D:2      | Noticed Sigmund
  1454 | D:2      | Killed Sigmund
  1455 | D:2      | Reached skill level 9 in Stealth
  1455 | D:2      | Reached XP level 4. HP: 21/29 MP: 4/4
  1455 | D:2      | Reached XP level 5. HP: 24/34 MP: 5/5
  1666 | D:2      | Reached XP level 6. HP: 15/38 MP: 6/6
  1980 | D:2      | Mangled by a gnoll

Illustrated notes

Levels and vault maps discovered:
D:1:      minmay_arrival_glassed_features, layout_basic
D:2:      layout_basic, roderic_filled_cross, minmay_ruptured, uniq_sigmund

Skill      XL: |  1  2  3 |
---------------+----------+-----
Stealth        | 6 9 |  9.6
Fighting       | |  2.1
Short Blades   | |  2.1
Throwing       | |  2.0
Dodging        | |  1.0

Action                   |  1- 3 |  4- 6 || total
-------------------------+-------+-------++-------
Melee: Dagger            |    49 |    11 ||    60
       Constrict         |     8 |     4 ||    12
       Tentacles         |     6 |     3 ||     9
  Use: Scroll            |     5 |     1 ||     6
       Potion            |     1 |       ||     1
 Stab: Sleeping          |    15 |     1 ||    16
Armor: Skin              |     3 |       ||     3
Dodge: Dodged            |    18 |     1 ||    19
